 Dungeon Crawl Stone Soup version 0.30-a0-222-ge547ba4400 (webtiles) character file.

Game seed: 6816636779931011753

20708 tombik the Cleaver (level 12, -10/94 HPs)
             Began as a Demonspawn Berserker on Oct 8, 2022.
             Was an Elder of Trog.
             Succumbed to Sonja's poison
             ... on level 11 of the Dungeon.
             The game lasted 01:07:43 (11466 turns).

tombik the Cleaver (Demonspawn Berserker)          Turns: 11466, Time: 01:07:44

Health: -10/94     AC: 24    Str: 21    XL:     12   Next: 47%
Magic:  12/12      EV: 15    Int:  8    God:    Trog [****..]
Gold:   796        SH:  4    Dex: 15    Spells: 11/11 levels left

rFire   . . .      SeeInvis .    J - +5 battleaxe
rCold   + . .      Faith    .    (shield currently unavailable)
rNeg    + . .      Spirit   .    r - +4 scale mail
rPois   .          Reflect  .    i - +2 helmet
rElec   .          Harm     .    (no cloak)
rCorr   .          Rampage  .    I - +0 pair of gloves
Will    ++...      Clarity  +    (no boots)
Stlth   +.........               u - amulet of regeneration
HPRegen 2.15/turn                y - ring of positive energy
MPRegen 0.13/turn                l - ring of protection from cold

@: lethally poisoned (-10 -> -47), about to teleport, strong-willed,
regenerating, slowed, very slow
A: repulsion field 2, foul stench 2, icemail 2, condensation shield, demonic
touch 1, clarity, mutation resistance 1, screaming 1, inability to read after
injury 1
a: Renounce Religion, Berserk, Trog's Hand, Brothers in Arms


You were on level 11 of the Dungeon.
You worshipped Trog.
Trog was greatly pleased with you.
You visited 1 branch of the dungeon, and saw 12 of its levels.

You collected 796 gold pieces.

Inventory:

Hand Weapons
 a - a +2 scythe of venom
 f - the +9 rapier "Osaoll" {drain, Contam rC++ Will+}
   (You found it on level 11 of the Dungeon)

   A truly terrible weapon, it drains the life of any living foe it strikes.
   rC:        It greatly protects you from cold.
   Contam:    It causes magical contamination when unequipped.
   Will:      It increases your willpower.
 j - a +2 dagger of venom
 F - a +2 vorpal war axe
 J - a +5 battleaxe (weapon)
 K - a +5 flail
Missiles
 m - 4 boomerangs (quivered)
 p - 46 poisoned darts
Armour
 b - a +0 animal skin
 h - a +0 scale mail
 i - a +2 helmet (worn)
 r - a +4 scale mail (worn)
 s - a +0 troll leather armour
 I - a +0 pair of gloves (worn)
 M - +0 acid dragon scales
 Q - +0 steam dragon scales
Jewellery
 l - a ring of protection from cold (right hand)
 u - an amulet of regeneration (around neck)
 y - a ring of positive energy (left hand)
 N - an amulet of reflection
Wands
 o - a wand of light (6)
 t - a wand of polymorph (5)
 v - a wand of charming (9)
 E - a wand of iceblast (6)
 P - a wand of mindburst (6)
Scrolls
 c - 2 scrolls of poison
 d - 2 scrolls of fear
 n - a scroll of magic mapping
 w - 3 scrolls of teleportation
 z - 2 scrolls of summoning {unknown}
 A - a scroll of acquirement {unknown}
 B - 3 scrolls of noise {unknown}
 G - a scroll of silence {unknown}
 H - 4 scrolls of amnesia
 L - a scroll of enchant armour {unknown}
 R - a scroll of fog
Potions
 e - a potion of degeneration
 g - 2 potions of lignification
 q - 5 potions of attraction
 x - 3 potions of haste
 C - a potion of berserk rage
 D - a potion of might
 O - 2 potions of brilliance


   Skills:
 + Level 8.6 Fighting
 + Level 13.8 Axes
 + Level 4.3 Throwing
 + Level 8.1 Armour
 + Level 5.5 Dodging
 + Level 1.9 Stealth
 + Level 4.2 Shields


You had 11 spell levels left.
You didn't know any spells.
Your spell library was empty.

Dungeon Overview and Level Annotations

Branches:
Dungeon (12/15)            Temple (0/1) D:6            Lair (0/5) D:9
    Orc: D:9-12

Altars:
Hepliaklqana
Ru
Xom
Yredelemnul

Shops:
D:1 [   D:2 *   D:5 ?   D:9 ([

Annotations:
D:11 Sonja
D:12 Rupert


Innate Abilities, Weirdness & Mutations

You are surrounded by a moderate repulsion field. (EV +3)
You sometimes emit foul miasma when damaged in melee.
A meltable icy envelope protects you from harm. (AC +8)
A meltable shield of frost defends you. (SH +4)
Your touch may inflict minor irresistible damage on your foes.
You possess an exceptional clarity of mind.
You are somewhat resistant to further mutation.
You occasionally shout uncontrollably at your foes.
You occasionally lose the ability to read scrolls when taking damage.


Message History

You slice Sonja!!
Sonja is almost dead.
You feel extremely sick. Sonja closely misses you.
Sonja hits you but does no damage.
You are more poisoned.
Sonja hits you but does no damage.
You are lethally poisoned!
Sonja hits you but does no damage.
You are more poisoned.
Sonja hits you but does no damage. x2
You are more poisoned.
You feel much better.
* * * LOW HITPOINT WARNING * * *
You feel extremely sick. Sonja hits you but does no damage.
Sonja barely misses you. You block Sonja's attack. Sonja misses you.
Sonja hits you but does no damage.
You are more poisoned.
Sonja hits you but does no damage.
You are more poisoned.
Your skin crawls.
You feel strong-willed.
* * * LOW HITPOINT WARNING * * *
You feel extremely sick.
Sonja hits you with a +1 short sword of venom.
* * * LOW HITPOINT WARNING * * *
You emit a cloud of foul miasma!
Sonja hits you but does no damage.
You are more poisoned.
Sonja hits you but does no damage.
You are more poisoned.
Sonja is engulfed in dark miasma.
Sonja is poisoned.
Sonja casts a spell.
Sonja blinks!
Okay, then.
Okay, then.
Okay, then.
Okay, then.
Okay, then.
As you read the scroll labelled CEGHEPT QEAQI, it crumbles to dust.
You feel strangely unstable.
It was a scroll of teleportation.
You die...

#############
#....§...#
#.#########.#
#.# #.#
######.# #.#
.......# #@#
######## #§#
#(# ### #.#
..############
#.#
..........>..#
#.#
#.##########.#
#.# #.# #.#
#K# #.# #.#
#.#


You could see Sonja (poisoned).

Vanquished Creatures
  3 two-headed ogres
  A soul eater (D:8)
  Amaemon (D:9)
  A sixfirhy (D:9)
  Pikel (D:4)
  A cyclops (D:11)
  3 manticores
  An ugly thing (D:9)
  A rust devil (D:9)
  An orange demon (D:9)
  Maurice (D:8)
  Maggie (D:8)
  A gargoyle (D:11)
  An unseen horror (D:10)
  An ice devil (D:9)
  A komodo dragon (D:10)
  4 trolls
  Prince Ribbit (D:6)
  Sigmund (D:3)
  A wraith (D:11)
  A shadow (D:10)
  3 wyverns
  2 ynoxinuls (D:9)
  22 yaks
  Eustachio (D:4)
  5 vampire mosquitoes (D:11)
  4 steam dragons
  A neqoxec (D:9)
  Menkaure (D:7)
  A warg (D:10)
  A water moccasin (D:7)
  3 orc warriors
  6 sky beasts
  2 ice beasts
  A hornet zombie (D:6)
  2 black bears
  3 ogres
  2 wolves
  A centaur (D:6)
  7 kobold brigands
  2 bullfrogs
  3 scorpions
  2 water moccasin zombies (D:6)
  12 wights
  A hornet simulacrum (D:8)
  10 killer bees
  2 howler monkeys
  2 electric eels
  2 bullfrog zombies (D:6)
  10 hounds
  4 quasits (D:9)
  A jelly (D:5)
  A gnoll bouda (D:7)
  4 orc priests
  4 iguanas
  Terence (D:3)
  10 orc wizards
  2 howler monkey zombies (D:6)
  Robin (D:3)
  8 adders
  3 gnolls (D:7)
  A shadow imp (D:7)
  5 white imps
  A worm (D:5)
  3 dart slugs
  47 orcs
  9 endoplasms
  5 giant cockroaches
  18 goblins
  10 hobgoblins
  4 jackals (D:4)
  3 quokkas
  4 ball pythons
  5 bats
  2 frilled lizards (D:1)
  33 kobolds
  9 rats
  2 butterflies (D:6)
342 creatures vanquished.

Vanquished Creatures (collateral kills)
  An orc knight (D:10)
  An orc wizard (D:10)
  An orc (D:10)
3 creatures vanquished.

Vanquished Creatures (others)
  A white imp (D:8)
  A kobold (D:8)
  5 demonic plants (D:9)
7 creatures vanquished.

Grand Total: 352 creatures vanquished

Notes
Turn   | Place    | Note
-------+----------+-------------------------------------------
     0 | D:1      | tombik the Demonspawn Berserker began the quest for the
                  | Orb.
     0 | D:1      | Reached XP level 1. HP: 18/18 MP: 1/1
   127 | D:1      | Gained mutation: You are surrounded by a mild repulsion
                  | field. (EV +2) [demonic ancestry]
   127 | D:1      | Reached XP level 2. HP: 8/24 MP: 2/2
   166 | D:1      | Found Muugeh's Armour Boutique.
   240 | D:1      | Reached skill level 3 in Axes
   722 | D:2      | Reached XP level 3. HP: 29/29 MP: 3/3
   775 | D:2      | Found a faded altar of an unknown god.
   831 | D:2      | Found Gouj's Assorted Antiques.
   897 | D:2      | Reached ** piety under Trog
   905 | D:2      | You fall into a shaft and drop 1 floor!
  1045 | D:3      | Noticed Terence
  1049 | D:3      | Killed Terence
  1050 | D:3      | Gained mutation: Your touch may inflict minor irresistible
                  | damage on your foes. [demonic ancestry]
  1050 | D:3      | Reached XP level 4. HP: 35/35 MP: 4/4
  1290 | D:3      | Noticed Robin
  1294 | D:3      | Noticed Sigmund
  1597 | D:2      | Reached skill level 4 in Axes
  1605 | D:2      | Reached XP level 5. HP: 41/41 MP: 5/5
  1850 | D:3      | Killed Robin
  1968 | D:3      | Killed Sigmund
  1969 | D:3      | Reached skill level 5 in Axes
  1969 | D:3      | Gained mutation: A meltable shield of frost defends you.
                  | (SH +4) [demonic ancestry]
  1969 | D:3      | Reached XP level 6. HP: 26/48 MP: 6/6
  2015 | D:3      | Reached *** piety under Trog
  2216 | D:4      | Noticed Eustachio
  2227 | D:4      | Killed Eustachio
  2228 | D:4      | Gained mutation: A meltable icy envelope protects you from
                  | harm. (AC +8) [demonic ancestry]
  2228 | D:4      | Reached XP level 7. HP: 54/54 MP: 7/7
  2267 | D:4      | Noticed Pikel
  2280 | D:4      | Killed Pikel
  2281 | D:4      | Reached skill level 6 in Axes
  2281 | D:4      | Reached skill level 1 in Throwing
  2281 | D:4      | Reached skill level 1 in Stealth
  2484 | D:4      | Reached XP level 8. HP: 58/61 MP: 8/8
  3430 | D:5      | Entered Level 5 of the Dungeon
  3438 | D:5      | Found Gerad's Magic Scroll Boutique.
  3537 | D:5      | Reached skill level 7 in Axes
  3853 | D:5      | Reached skill level 5 in Fighting
  3957 | D:5      | Found a sacrificial altar of Ru.
  3989 | D:5      | Found a shimmering altar of Xom.
  4114 | D:5      | Reached skill level 1 in Shields
  4138 | D:5      | Identified the +2 trident "Arbiter" {pain, Int+2}
  4489 | D:6      | Reached skill level 8 in Axes
  4607 | D:6      | Noticed Prince Ribbit
  4620 | D:6      | Killed Prince Ribbit
  4621 | D:6      | Gained mutation: A meltable icy envelope protects you from
                  | harm. (AC +8) [demonic ancestry]
  4621 | D:6      | Reached XP level 9. HP: 56/68 MP: 9/9
  4723 | D:6      | Reached **** piety under Trog
  4728 | D:6      | Identified the +4 war axe of Hasudgh {pain, rF++ Str+3
                  | Int-3 Stlth+}
  4980 | D:6      | Found a staircase to the Ecumenical Temple.
  5009 | D:6      | Reached skill level 5 in Armour
  5236 | D:6      | Found a basalt altar of Yredelemnul.
  5320 | D:6      | Reached skill level 9 in Axes
  5951 | D:7      | Noticed Menkaure
  5960 | D:7      | Killed Menkaure
  6010 | D:7      | Reached ***** piety under Trog
  6012 | D:7      | Noticed a troll
  6159 | D:7      | Killed a troll
  6172 | D:7      | Gained mutation: You may rarely emit foul miasma when
                  | damaged in melee. [demonic ancestry]
  6172 | D:7      | Reached XP level 10. HP: 77/77 MP: 10/10
  6310 | D:7      | Found a hazy altar of Hepliaklqana.
  6653 | D:8      | Noticed Maggie
  6665 | D:8      | Killed Maggie
  6676 | D:7      | Reached skill level 10 in Axes
  6710 | D:8      | Noticed Maurice
  6725 | D:7      | Received a gift from Trog
  6961 | D:8      | Killed Maurice
  6962 | D:8      | Reached skill level 11 in Axes
  7506 | D:8      | Gained mutation: You are surrounded by a moderate repulsion
                  | field. (EV +3) [demonic ancestry]
  7506 | D:8      | Reached XP level 11. HP: 84/84 MP: 11/11
  8191 | D:9      | Noticed a two-headed ogre
  8200 | D:9      | Killed a two-headed ogre
  8210 | D:9      | Noticed a soul eater
  8215 | D:9      | Noticed a purple ugly thing
  8231 | D:9      | Killed a purple ugly thing
  8273 | D:8      | Killed a soul eater
  8454 | D:9      | Noticed a sixfirhy
  8463 | D:9      | Killed a sixfirhy
  8775 | D:9      | Gained mutation: You possess an exceptional clarity of
                  | mind. [potion of mutation]
  8775 | D:9      | Gained mutation: You are somewhat resistant to further
                  | mutation. [potion of mutation]
  8802 | D:9      | Reached skill level 12 in Axes
  8805 | D:9      | Gained mutation: You occasionally lose the ability to read
                  | scrolls when taking damage. [a neqoxec]
  8818 | D:9      | Gained mutation: You occasionally shout uncontrollably at
                  | your foes. [a neqoxec]
  9061 | D:9      | Reached skill level 5 in Dodging
  9075 | D:9      | Noticed Amaemon
  9086 | D:9      | Killed Amaemon
  9257 | D:9      | Found a staircase to the Lair.
  9372 | D:9      | Found Dobodube's Armour Shop.
  9388 | D:9      | Noticed a two-headed ogre
  9398 | D:9      | Killed a two-headed ogre
  9415 | D:9      | Found Gionkeeh's Antique Weapon Shop.
  9569 | D:10     | Entered Level 10 of the Dungeon
  9569 | D:10     | Noticed an orc knight
  9578 | D:10     | Killed an orc knight
  9579 | D:10     | Reached skill level 13 in Axes
  9579 | D:10     | Gained mutation: You sometimes emit foul miasma when
                  | damaged in melee. [demonic ancestry]
  9579 | D:10     | Reached XP level 12. HP: 73/93 MP: 12/12
  9724 | D:10     | Noticed a two-headed ogre
  9732 | D:10     | Killed a two-headed ogre
 10694 | D:11     | Identified the +9 rapier "Osaoll" {drain, Contam rC++
                  | Will+}
 11423 | D:12     | Noticed Rupert
 11423 | D:12     | Noticed Sonja
 11466 | D:11     | Succumbed to Sonja's poison

Illustrated notes

Levels and vault maps discovered:
D:1:      lightli_arrival_quake, layout_rooms, serial_shops,
          nicolae_shop_crystal
D:2:      minmay_recursive_quarters, layout_rooms, serial_shops, shop,
          ebering_ecumenical_altar_abandoned
D:3:      layout_rooms, uniq_robin, uniq_terence, uniq_sigmund
D:4:      cheibrodos_quashed, layout_basic, uniq_pikel, uniq_eustachio
D:5:      cheibrodos_iron_armory, layout_loops_cross,
          mainiacjoe_overflow_two_lobes, serial_shops, shop_fountains
D:6:      cheibrodos_thug_alley, layout_basic, nicolae_yredelemnul_corpse_copse,
          minmay_temple_entry_butterflies, uniq_prince_ribbit1
D:7:      layout_cave_pools, mainiacjoe_overflow_alcove_1, uniq_menkaure
D:8:      layout_cave_pods, serial_ice, serial_ice_m, serial_ice_g,
          serial_ice_f, serial_ice_a, uniq_maggie, uniq_maurice
D:9:      layout_gridville, erik_lair_island, serial_demonic, serial_demonic_c,
          serial_demonic_c, serial_demonic_b, serial_demonic_c,
          serial_demonic_b, serial_shops, shop, nicolae_take_the_stairs,
          uniq_amaemon
D:10:     layout_loops_ring, corexii_mini_fake_secret_closet
D:11:     layout_loops_ring, hangedman_misty_isle
D:12:     layout_layer_cave, david_orc_2, uniq_rupert, uniq_sonja,
          uniq_josephine, uniq_frances, uniq_fannar

Skill      XL: |  1  2  3  4  5  6  7  8  9 10 11 12 |
---------------+-------------------------------------+-----
Axes           | 3 4 5 6 8 9 11 13 | 13.8
Dodging        | 2 3 4 5 |  5.5
Armour         | 2 3 4 5 6 7 8 |  8.1
Fighting       | 4 5 6 7 8 |  8.6
Throwing       | 1 3 4 |  4.3
Stealth        | 1 |  1.9
Shields        | 1 2 3 4 |  4.2

Action                   |  1- 3 |  4- 6 |  7- 9 | 10-12 || total
-------------------------+-------+-------+-------+-------++-------
Melee: Hand axe          |   110 |   122 |   387 |     7 ||   626
       Punch             |     1 |       |     3 |       ||     4
       Touch             |       |    24 |    79 |     7 ||   110
       War axe           |       |       |       |    74 ||    74
       Battleaxe         |       |       |       |   407 ||   407
Throw: Boomerang         |       |     7 |    24 |    75 ||   106
Invok: Berserk           |     1 |     3 |     3 |     7 ||    14
       Trog's Hand       |       |       |     1 |     4 ||     5
       Brothers in Arms  |       |       |       |     2 ||     2
Evoke: Wand              |       |       |     1 |       ||     1
  Use: Scroll            |     4 |       |       |    16 ||    20
       Potion            |       |     4 |       |    12 ||    16
 Stab: Sleeping          |     1 |       |       |       ||     1
       Invisible         |       |     1 |       |       ||     1
Armor: Animal skin       |     9 |       |       |       ||     9
       Scale mail        |    28 |    64 |   151 |   328 ||   571
       Skin              |       |       |       |    36 ||    36
Dodge: Dodged            |    79 |    89 |   200 |   446 ||   814
Block: Other             |       |     4 |    51 |    98 ||   153

Table legend: (Time is in decaauts)
 A = Elapsed time spent in this place.
 B = Non-inter-level travel time spent in this place.
 C = Inter-level travel time spent in this place.
 D = Time resting spent in this place.
 E = Time spent auto-exploring this place.
 F = Levels seen in this place.
 G = Mean time per level.
                   A        B        C        D        E       F      G
               +--------+--------+--------+--------+--------+-----+--------+
         Total |  11610 |  11108 |    502 |    353 |   8204 |  12 |  967.5 |
       Dungeon |  11610 |  11108 |    502 |    353 |   8204 |  12 |  967.5 |
               +--------+--------+--------+--------+--------+-----+--------+

Top non-repeatable levels by time:
     D:6: 1589 daAuts
     D:8: 1484 daAuts
     D:9: 1265 daAuts
     D:4: 1232 daAuts
    D:10: 1019 daAuts
     D:5: 976 daAuts
    D:11: 907 daAuts
     D:7: 881 daAuts
     D:3: 823 daAuts
     D:1: 721 daAuts
     D:2: 703 daAuts
    D:12: 6 daAuts
